 Dungeon Crawl Stone Soup version 0.19.0-19-g8c6edcc (webtiles) character file.

6813 Ladykiller69 the Grappler (level 10, -3/92 HPs)
             Began as a Troll Fighter on Nov 12, 2016.
             Was an Elder of Uskayaw.
             Slain by a spectral orc warlord
             ... wielding a +4 battleaxe of flaming
             ... summoned by Nergalle
              (5 damage)
             ... on level 11 of the Dungeon.
             The game lasted 00:22:29 (8699 turns).

Ladykiller69 the Grappler (Troll Fighter)           Turns: 8699, Time: 00:22:29

Health: -3/92      AC:  6    Str: 26    XL:     10   Next: 77%
Magic:  8/11       EV: 10    Int:  4    God:    Uskayaw [****..]
Gold:   798        SH: 11    Dex: 12    Spells: 0 memorised, 9 levels left

rFire  . . .     SeeInvis .       - Unarmed
rCold  . . .     Gourm    +     a - +0 robe
rNeg   . . .     Faith    .     b - +0 shield
rPois  .         Spirit   .     v - +1 hat
rElec  .         Reflect  .     (no cloak)
rCorr  .         Harm     .     (gloves unavailable)
MR     .....                    (boots unavailable)
Stlth  +.........               (no amulet)
                                (no ring)
                                (no ring)

@: drained
A: unfitting armour, claws 3, fast metabolism 3, gourmand, regeneration 1,
shaggy fur 1, tough skin 2
a: Stomp, Line Pass, Renounce Religion


You were on level 11 of the Dungeon.
You worshipped Uskayaw.
Uskayaw was noncommittal.
You were very full.

You visited 2 branches of the dungeon, and saw 12 of its levels.

You collected 798 gold pieces.

Inventory:

Missiles
 p - 327 stones
 r - 2 throwing nets
 u - 6 javelins (quivered)
 L - 10 tomahawks
 T - 4 silver tomahawks
Armour
 a - a +0 robe (worn)
 b - a +0 shield (worn)
 v - a +1 hat (worn)
Jewellery
 n - an uncursed amulet of harm {unknown}
 y - an uncursed ring of magical power {unknown}
 F - an uncursed ring of stealth {unknown}
 J - an uncursed amulet of faith {unknown}
 O - an uncursed amulet of regeneration {unknown}
 Q - an uncursed ring of positive energy {unknown}
Wands
 H - a wand of flame (17/48)
 I - a wand of hasting (4/9)
 K - a wand of digging (13/24)
 N - a wand of polymorph (15/24)
 R - a wand of confusion (22/48)
Scrolls
 f - 2 scrolls of fear {unknown}
 g - 8 scrolls of identify {unknown}
 i - 3 scrolls of noise {unknown}
 l - 5 scrolls of teleportation {unknown}
 m - a scroll of random uselessness {unknown}
 o - 2 scrolls of immolation {unknown}
 q - 6 scrolls of recharging {unknown}
 s - 2 scrolls of magic mapping {unknown}
 t - 2 scrolls of amnesia {unknown}
 B - 3 scrolls of enchant weapon {unknown}
 C - 4 scrolls of remove curse {unknown}
 G - a scroll of blinking {unknown}
 V - a scroll of fog {unknown}
Potions
 c - a potion of might
 e - 4 potions of heal wounds {unknown}
 h - 2 potions of degeneration {unknown}
 k - 5 potions of curing {unknown}
 w - a potion of berserk rage {unknown}
 x - 3 potions of ambrosia {unknown}
 A - 2 potions of haste {unknown}
 D - a potion of invisibility {unknown}
 E - 2 potions of brilliance {unknown}
 U - 2 potions of resistance
Books
 P - a book of Clouds

   Spells                             Type                      Level
   a - Mephitic Cloud                 Conjuration/Poison/Air       3
   b - Conjure Flame                  Conjuration/Fire             3
   c - Poisonous Cloud                Conjuration/Poison/Air       6
   d - Freezing Cloud                 Conjuration/Ice/Air          6
   e - Ring of Flames                 Charms/Fire                  7
 S - a book of Frost

   Spells                             Type                      Level
   a - Freeze                         Ice                          1
   b - Throw Frost                    Conjuration/Ice              2
   c - Ozocubu's Armour               Charms/Ice                   3
   d - Throw Icicle                   Conjuration/Ice              4
   e - Summon Ice Beast               Ice/Summoning                4
Comestibles
 d - 8 bread rations
 j - 3 slices of pizza
 z - 3 meat rations
 M - 8 chunks of flesh


   Skills:
 + Level 4.0(2.9) Fighting
 + Level 2.0(1.0) Armour
 + Level 4.0(2.9) Dodging
 - Level 9.0(7.8) Shields
 * Level 11.1(9.9) Unarmed Combat
 + Level 2.7(1.7) Invocations


You had 9 spell levels left.
You didn't know any spells.

Dungeon Overview and Level Annotations

Branches:
Dungeon (11/15)            Temple (1/1) D:6            Lair (0/6) D:9
    Orc: D:9-12

Altars:
Ashenzari
Cheibriados
Dithmenos
Elyvilon
Fedhas
Gozag
Hepliaklqana
Kikubaaqudgha
Makhleb
Nemelex Xobeh
Okawaru
Qazlal
Ru
Sif Muna
Trog
Uskayaw
Vehumet
Xom
Yredelemnul
Zin
The Shining One

Shops:
D:6 %   D:11 (

Annotations:
D:11 Gekot's ghost, journeyman FoFi; Nergalle


Innate Abilities, Weirdness & Mutations

You are too large for most types of armour.
You have claws for hands.
Your metabolism is lightning-fast.
You like to eat raw meat.
Your natural rate of healing is unusually fast.
You are covered in fur. (AC +1)
You have very tough skin. (AC +2)


Message History

Nergalle casts a spell at the spectral orc warlord.
The spectral orc warlord seems to speed up.
Uskayaw will force your foes to share their pain.
You scratch Nergalle.
Nergalle is almost dead.
You block the spectral orc warlord's attack.
The spectral orc warrior hits you with a dire flail.
You feel drained.
The spectral orc warrior hits you with a mace.
You feel drained.
Nergalle gestures at you while chanting.
The bolt of negative energy hits you!
You feel drained.
* * * LOW HITPOINT WARNING * * *
A wight comes into view. It is wielding a trident.
You scratch Nergalle but do no damage.
Nergalle is almost dead.
The spectral orc warlord hits you with a battleaxe of flaming!
* * * LOW HITPOINT WARNING * * *
The spectral orc warlord burns you.
You die...

......#.#...# #...# .[
.......∩....###...# ....
......#.##........# .....
........##........##.....
.......###..###†.).......
....... #..# #..........
....... #..# #..........
....... #..# #..Z.}.....
....... #..# #Z@........
. ...# #zoZ.......
..W5........
........).....
#.........[....
#..###......... #..
#.z.....## #. #z......#


You could see Nergalle, 2 spectral orc warriors, a spectral orc warlord, 3
wights, Gekot's ghost and a shadow imp.

Vanquished Creatures
  The ghost of junkhipster the Blocker, a novice FoFi of Uskayaw (D:8)
  2 hill giants
  Prince Ribbit (D:8)
  The ghost of Lochraine the Chiller, an amateur DgIE (D:4)
  A wyvern (D:8)
  A hungry ghost (D:11)
  Duvessa (D:6)
  A sky beast (D:6)
  5 orc warriors
  An eye of draining (D:10)
  2 ice beasts
  4 ogres
  2 black bears
  A necrophage (D:11)
  A phantom (D:6)
  2 centaurs
  A bullfrog (D:6)
  Dowan (D:6)
  A water moccasin zombie (D:5)
  3 scorpions
  4 wights (D:6)
  4 killer bees (D:8)
  4 crimson imps
  2 jellies (D:5)
  2 quasits
  5 bullfrog zombies
  4 centaur zombies
  12 orc wizards
  9 hounds
  A centaur skeleton (D:8)
  4 orc priests
  4 bullfrog skeletons
  Natasha (thrice) (D:2)
  3 iguanas
  7 worker ants
  A killer bee zombie (D:5)
  2 hound zombies
  A hound skeleton (D:5)
  A worker ant zombie (D:5)
  14 adders
  A gnoll (D:6)
  A river rat (D:9)
  A shadow imp (D:10)
  An ooze (D:4)
  An adder skeleton (D:5)
  6 worms
  A dart slug (D:3)
  5 leopard geckos
  46 orcs
  9 bats
  6 giant cockroaches
  8 goblins
  6 hobgoblins
  12 jackals
  4 kobolds
  4 quokkas
  A ball python zombie (D:5)
  4 frilled lizards
  A giant cockroach zombie (D:5)
  A jackal skeleton (D:4)
  6 rats
  2 fungi (D:9)
247 creatures vanquished.

Notes
Turn   | Place    | Note
-------+----------+-------------------------------------------
     0 | D:1      | Ladykiller69 the Troll Fighter began the quest for the Orb.
     0 | D:1      | Reached XP level 1. HP: 22/22 MP: 0/0
   157 | D:1      | Reached XP level 2. HP: 28/29 MP: 1/1
   189 | D:1      | Found a shimmering altar of Xom.
   191 | D:1      | Found a radiant altar of Vehumet.
   191 | D:1      | Found a burning altar of Makhleb.
   193 | D:1      | Found a radiant altar of Vehumet.
   193 | D:1      | Found a sparkling altar of Nemelex Xobeh.
   193 | D:1      | Found a snail-covered altar of Cheibriados.
   571 | D:2      | Noticed Natasha
   576 | D:2      | Killed Natasha
   576 | D:2      | Reached XP level 3. HP: 29/36 MP: 2/2
   610 | D:2      | Reached skill level 3 in Unarmed Combat
   664 | D:2      | Reached XP level 4. HP: 44/44 MP: 3/3
   894 | D:2      | You fall through a shaft!
  1349 | D:2      | Noticed Natasha
  1359 | D:2      | Killed Natasha
  1359 | D:2      | Reached XP level 5. HP: 37/53 MP: 4/4
  1404 | D:2      | Noticed Natasha
  1416 | D:2      | Killed Natasha
  1818 | D:3      | Reached skill level 4 in Unarmed Combat
  2355 | D:4      | Reached XP level 6. HP: 56/61 MP: 5/5
  2831 | D:4      | Noticed Lochraine's ghost (amateur DgIE)
  2840 | D:4      | Killed Lochraine's ghost
  2840 | D:4      | Reached skill level 5 in Unarmed Combat
  2840 | D:4      | Reached XP level 7. HP: 61/67 MP: 6/6
  3012 | D:5      | Entered Level 5 of the Dungeon
  3130 | D:5      | Reached skill level 5 in Shields
  3130 | D:5      | Reached skill level 6 in Unarmed Combat
  3288 | D:5      | Reached XP level 8. HP: 66/75 MP: 7/7
  3366 | D:5      | Reached skill level 7 in Unarmed Combat
  4146 | D:6      | Found Bewol's Food Shoppe.
  4155 | D:6      | Reached skill level 8 in Unarmed Combat
  4272 | D:6      | Found a staircase to the Ecumenical Temple.
  4287 | Temple   | Entered the Ecumenical Temple
  4384 | Temple   | Became a worshipper of Uskayaw the Reveler
  4458 | D:6      | Reached * piety under Uskayaw
  4460 | D:6      | Noticed Duvessa
  4468 | D:6      | Noticed Dowan
  4480 | D:6      | Reached ** piety under Uskayaw
  4483 | D:6      | Reached *** piety under Uskayaw
  4484 | D:6      | Killed Duvessa
  4495 | D:6      | Killed Dowan
  4495 | D:6      | Reached XP level 9. HP: 59/81 MP: 3/8
  4847 | D:6      | Reached skill level 9 in Unarmed Combat
  4847 | D:6      | Reached **** piety under Uskayaw
  5266 | D:7      | Found a sacrificial altar of Ru.
  5932 | D:8      | Noticed Prince Ribbit
  6477 | D:8      | Noticed junkhipster's ghost (novice FoFi)
  6501 | D:8      | Killed junkhipster's ghost
  6501 | D:8      | Reached skill level 10 in Unarmed Combat
  6501 | D:8      | Reached XP level 10. HP: 21/91 MP: 5/9
  6534 | D:8      | HP: 4/91 [Prince Ribbit (12)]
  6535 | D:8      | Killed Prince Ribbit
  7001 | D:9      | Found a blossoming altar of Fedhas.
  7113 | D:9      | Found a staircase to the Lair.
  7526 | D:9      | Found a hazy altar of Hepliaklqana.
  7526 | D:9      | Found a sparkling altar of Nemelex Xobeh.
  7639 | D:10     | Entered Level 10 of the Dungeon
  7729 | D:10     | Reached ***** piety under Uskayaw
  7749 | D:10     | Reached skill level 1 in Invocations
  7749 | D:10     | Reached ****** piety under Uskayaw
  8281 | D:10     | Noticed a hill giant
  8285 | D:10     | Killed a hill giant
  8285 | D:10     | Reached skill level 1 in Armour
  8458 | D:10     | Reached skill level 11 in Unarmed Combat
  8616 | D:11     | Found Fuiplutu's Weapon Shoppe.
  8668 | D:11     | Noticed a hill giant
  8676 | D:11     | Killed a hill giant
  8682 | D:11     | Noticed Nergalle
  8690 | D:11     | Noticed Gekot's ghost (journeyman FoFi)
  8696 | D:11     | Noticed a spectral orc warlord
  8699 | D:11     | HP: 2/92 [spectral orc warlord/battleaxe of flaming[Nergalle] (12)]
  8699 | D:11     | Slain by a spectral orc warlord

Skill      XL: |  1  2  3  4  5  6  7  8  9 10 |
---------------+-------------------------------+-----
Unarmed Combat | 3 4 5 6 8 10 11 | 11.1
Fighting       | 3 4 |  4.0
Dodging        | 3 4 |  4.0
Shields        | 3 4 5 7 8 9 |  9.0
Invocations    | 2 |  2.7
Armour         | 2 |  2.0

Action                   |  1- 3 |  4- 6 |  7- 9 | 10-12 || total
-------------------------+-------+-------+-------+-------++-------
Melee: Unarmed           |    75 |   166 |   418 |   252 ||   911
Throw: Javelin           |       |       |     2 |     1 ||     3
Invok: Line Pass         |       |       |     4 |       ||     4
       Stomp             |       |       |     1 |     1 ||     2
 Stab: Sleeping          |       |     1 |     1 |     1 ||     3
       Paralysed         |       |       |     4 |    11 ||    15
       Confused          |       |       |     1 |       ||     1
  Eat: Chunk             |    11 |    21 |    34 |    23 ||    89
Armor: Robe              |    16 |    33 |    78 |    32 ||   159
Dodge: Dodged            |    25 |    44 |   129 |    77 ||   275
Block: Shield            |    32 |    63 |   188 |   100 ||   383
